 Dungeon Crawl Stone Soup version 0.19.5 (webtiles) character file.

51 tricornhat the Chopper (level 3, 0/29 HPs)
             Began as a Demonspawn Chaos Knight on Mar 9, 2017.
             Slain by a gnoll
             ... wielding a +0 spear
              (9 damage)
             ... on level 1 of the Dungeon.
             The game lasted 00:06:43 (1699 turns).

tricornhat the Chopper (Demonspawn Chaos Knight)    Turns: 1699, Time: 00:06:44

Health: 0/29       AC:  5    Str: 13    XL:     3   Next: 58%
Magic:  3/3        EV:  8    Int: 13    God:    Xom [...*..]
Gold:   82         SH:  7    Dex: 12    Spells: 0 memorised, 2 levels left

rFire  . . .     SeeInvis .     a - +0 hand axe (chaos)
rCold  + . .     Gourm    .     b - +2 leather armour
rNeg   . . .     Faith    .     f - +0 shield
rPois  .         Spirit   .     (helmet restricted)
rElec  .         Reflect  .     (no cloak)
rCorr  .         Harm     .     (gloves unavailable)
MR     .....                    (no boots)
Stlth  +.........               (no amulet)
                                (no ring)
                                (no ring)

@: lethally poisoned (0 -> -3)
A: claws 3, horns 1, cold resistance 1, wild magic 1
a: Renounce Religion


You were on level 1 of the Dungeon.
You worshipped Xom.
You were a favourite toy of Xom.
You were not hungry.

You visited 1 branch of the dungeon, and saw 2 of its levels.

You collected 82 gold pieces.

Inventory:

Hand Weapons
 a - a +0 hand axe of chaos (weapon)
Missiles
 n - 23 bolts
 o - 22 arrows
Armour
 b - a +2 leather armour (worn)
 f - a +0 shield (worn)
Jewellery
 j - a cursed -5 ring of strength {unknown}
Scrolls
 d - a scroll of remove curse {unknown}
 e - 2 scrolls of random uselessness {unknown}
 g - a scroll of enchant weapon {unknown}
 i - a scroll of amnesia {unknown}
 k - a scroll of identify {unknown}
 l - a scroll of teleportation {unknown}
 m - 2 scrolls of magic mapping {unknown}
Potions
 h - a potion of haste {unknown}
Comestibles
 c - 3 bread rations


   Skills:
 + Level 3.2 Fighting
 + Level 3.3 Axes
 + Level 2.1 Armour
 + Level 1.1 Dodging
 + Level 1.0 Stealth
 + Level 0.5 Shields


You had 2 spell levels left.
You didn't know any spells.

Dungeon Overview and Level Annotations

Branches:
Dungeon (2/15)

Altars:
Xom


Innate Abilities, Weirdness & Mutations

You have claws for hands.
You have a pair of small horns on your head.
Your flesh is cold resistant. (rC+)
Your spells are a little harder to cast, but a little more powerful.


Message History

The gnoll hits you but does no damage.
There is a stone staircase leading up, spattered with blood here.
You block the adder's attack. You block the goblin's attack.
The adder bites you.
You are poisoned.
The adder poisons you! You block the gnoll's attack.
You climb upwards.
You feel sick.
There is a stone staircase leading down here.
The goblin hits you but does no damage. The adder barely misses you.
The gnoll hits you with a spear.
You feel sick. The gnoll barely misses you.
The gnoll hits you but does no damage. The adder barely misses you.
You feel sick.
You slash the goblin! You freeze the goblin.
You kill the goblin!
You hit the adder.
The adder is lightly wounded.
The adder bites you.
The gnoll hits you from afar with a spear!
You die...

.##.# #.# #######
.##.# ##.## .......
.##.# ##.#.##
########
(...#######.###.##
.[.....≈
###........## ##.####
...≈≈≈§≈ #..##...##
##...# ...≈....
#..##....# ##.##.#
..≈.##'
#..######.###.###.###
..≈. #. ##..#
*#.#..@Sg.#.# .§≈ ##
##...# #.#####._.# .§
# ....###### ###
#...# # #.........,
#..># #.†#########
#..)# .[.........#
#...# ...#######.#
#.._# ##.# #.# #...#
#.# #.# #.__#


You could see a gnoll and an adder.

Vanquished Creatures
  A gnoll (D:1)
  An ooze (D:1)
  2 leopard geckos
  7 goblins
  2 hobgoblins (D:1)
  A hobgoblin (shapeshifter) (D:1)
  4 jackals (D:1)
  8 bats
  A frilled lizard (D:2)
  A kobold (D:1)
  7 rats (D:1)
35 creatures vanquished.

Notes
Turn   | Place    | Note
-------+----------+-------------------------------------------
     0 | D:1      | tricornhat the Demonspawn Chaos Knight began the quest for the Orb.
     0 | D:1      | Reached XP level 1. HP: 18/18 MP: 1/1
   254 | D:1      | Found a shimmering altar of Xom.
   294 | D:1      | XOM: harmless Tloc miscast
   306 | D:1      | Reached skill level 1 in Dodging
   354 | D:1      | Gained mutation: You have sharp fingernails. [demonic ancestry]
   354 | D:1      | Reached XP level 2. HP: 24/24 MP: 2/2
   550 | D:1      | XOM: mild Air miscast
   629 | D:1      | XOM: divination: magic mapping
   717 | D:1      | XOM: give mutations
   717 | D:1      | Gained mutation: You have very sharp fingernails. [Xom's grace]
   717 | D:1      | Gained mutation: Your flesh is cold resistant. (rC+) [Xom's grace]
   717 | D:1      | Gained mutation: You have claws for hands. [Xom's grace]
   717 | D:1      | Gained mutation: Your spells are a little harder to cast, but a little more powerful. [Xom's grace]
   848 | D:1      | Reached XP level 3. HP: 28/29 MP: 3/3
   930 | D:1      | XOM: summons 1 hostile shadow creature
  1002 | D:2      | Found a faded altar of an unknown god.
  1092 | D:2      | Reached skill level 1 in Stealth
  1306 | D:2      | XOM: god gift: 23 bolts
  1336 | D:1      | XOM: give mutation
  1336 | D:1      | Gained mutation: You have a pair of small horns on your head. [Xom's grace]
  1438 | D:1      | XOM: scenery: create altars
  1453 | D:1      | XOM: god gift: 22 arrows
  1699 | D:1      | Slain by a gnoll

Skill      XL: |  1  2  3 |
---------------+----------+-----
Armour         | 2 |  2.1
Dodging        | 1 |  1.1
Axes           | 3 |  3.3
Stealth        | 1 |  1.0
Fighting       | |  3.2
Shields        | |  0.5

Action                   || total
-------------------------++-------
Melee: Hand axe          ||   143
 Stab: Sleeping          ||     1
  Eat: Bread ration      ||     1
Armor: Leather armour    ||    72
Dodge: Dodged            ||    80
Block: Shield            ||    46
